AoeStats
← Surreal

Nomad

508637652Analyzed
2v2 RM · 7d ago on Sep 23, 2026· 60m 58s· 4 players
Game mode
Random Map
Map size
176×176
Population
200
Speed
Normal
Resources
Standard
Victory
Conquest
Starting age
Dark Age
Ending age
Imperial Age
RankedLock teamsTeams togetherTeam positionsShared explorationLock speedFull tech treeHidden civsTurbo modeCheats
Victory
Defeat
🇭🇰 Jurchens · Hong Kong SAR China
973
+16
🇨🇳 Huns · China
959
+43
🇪🇸 Teutons · Spain
979
-16
🇸🇪 Franks · Sweden
977
-17
446713874
13:50 Feudal Age
17:45 Loom
23:02 Castle Age
21:04 Double-Bit Axe
23:10 Gold Mining
23:05 Horse Collar
23:57 Fletching
24:09 Padded Archer Armor
24:23 Bow Saw
30:43 Leather Archer Armor
32:28 Wheelbarrow
34:09 Ballistics
35:54 Stone Mining
36:24 Heavy Plow
36:41 Bodkin Arrow
38:36 Hand Cart
38:07 Town Watch
42:25 Forging
42:21 Scale Barding Armor
45:45 Imperial Age
43:42 Masonry
45:24 Husbandry
45:34 Bloodlines
44:45 Light Cavalry
46:04 Iron Casting
45:49 Chain Barding Armor
46:49 Conscription
48:21 Chemistry
47:58 Murder Holes
47:29 Hussar
48:23 Bracer
49:24 Blast Furnace
48:59 Plate Barding Armor
50:02 Cavalier
53:06 Two-Man Saw
58:02 Gold Shaft Mining
57:00 Paladin
58:18 Parthian Tactics
57:13 Heavy Cavalry Archer
58:00 Thumb Ring
59:30 Scale Mail Armor
brain888hk
2:59 Loom
13:52 Feudal Age
15:03 Double-Bit Axe
16:48 Gold Mining
18:40 Wheelbarrow
21:13 Castle Age
21:35 Stone Mining
22:52 Medium Warships
22:22 Fishing Lines
33:46 Pikeman
35:12 Forging
35:02 Scale Mail Armor
45:01 Squires
50:03 Imperial Age
50:59 Siege Engineers
51:15 Ballistics
51:01 Padded Archer Armor
51:17 Chain Mail Armor
51:13 Forging
52:40 Hand Cart
55:33 Thunderclap Bombs
56:41 Conscription
55:43 Capped Ram
57:39 Gold Shaft Mining
57:39 Stone Shaft Mining
60:06 Town Watch
61:44 Iron Casting
Surreal
6:58 Loom
13:48 Feudal Age
17:03 Wheelbarrow
16:40 Double-Bit Axe
24:18 Castle Age
23:04 Scale Barding Armor
23:58 Forging
25:56 Husbandry
47:48 Stone Mining
Cruzza
3:56 Loom
12:37 Feudal Age
13:07 Double-Bit Axe
13:23 Horse Collar
17:30 Forging
21:08 Bloodlines
21:17 Scale Barding Armor
23:43 Fletching
26:53 Castle Age
28:25 Iron Casting
28:10 Chain Barding Armor
27:23 Demolition Ship
29:27 Medium Warships
30:17 Wheelbarrow
33:47 Hand Cart
33:19 Town Watch
40:29 Gold Mining
43:20 Imperial Age
42:36 Bodkin Arrow
45:07 Cavalier
47:29 Blast Furnace
47:17 Town Patrol
47:43 Conscription
49:29 Fishing Lines
50:34 Paladin
52:11 Plate Barding Armor
52:30 Crenellations
53:50 Gillnets
60:55 Crenellations
Connection lost

Rejoining the realm…

Still unreachable

The connection could not be restored.

Session expired

The server has moved on; the page needs a fresh start.